AoeStats
← agustinparra1

Hideout

503504306Analyzed
2v2 RM · 1mo ago on Sep 1, 2026· 35m 30s· 4 players
Game mode
Random Map
Map size
Medium (4 player)
Population
200
Speed
Normal
Resources
Standard
Victory
Conquest
Starting age
Dark Age
Ending age
Imperial Age
RankedLock teamsTeams togetherTeam positionsShared explorationLock speedFull tech treeHidden civsTurbo modeCheats
Victory
Defeat
🇪🇨 Bulgarians · Ecuador
753
+16
🇦🇷 Slavs · Argentina
661
+20
🇺🇾 Armenians · Uruguay
744
-18
🇺🇾 Portuguese · Uruguay
744
-18
Smech4118
11:03 Feudal Age
12:39 Fletching
14:13 Horse Collar
14:38 Double-Bit Axe
28:18 Forging
28:38 Padded Archer Armor
28:40 Loom
33:12 Castle Age
32:56 Gold Mining
33:55 Bodkin Arrow
36:12 Gold Shaft Mining
36:09 Leather Archer Armor
MonoFete
11:47 Feudal Age
12:17 Double-Bit Axe
12:16 Horse Collar
15:20 Arson
19:29 Castle Age
18:01 Forging
25:23 Wheelbarrow
24:54 Stone Mining
25:55 Husbandry
28:16 Scale Barding Armor
31:27 Scale Mail Armor
38:03 Imperial Age
36:16 Bloodlines
36:43 Iron Casting
KNCD
1:24 Loom
12:58 Feudal Age
13:05 Man-at-Arms
15:10 Long Swordsman
23:03 Padded Archer Armor
23:07 Scale Mail Armor
24:19 Forging
26:50 Double-Bit Axe
26:56 Gold Mining
agustinparra1
9:59 Feudal Age
10:39 Double-Bit Axe
10:36 Horse Collar
11:43 Wheelbarrow
13:10 Man-at-Arms
19:37 Forging
21:47 Scale Mail Armor
23:55 Scale Barding Armor
25:07 Bloodlines
28:03 Castle Age
25:54 Town Watch
30:59 Pikeman
32:16 Murder Holes
Connection lost

Rejoining the realm…

Still unreachable

The connection could not be restored.

Session expired

The server has moved on; the page needs a fresh start.